Crazy game on elst

Match 21398327
End
Construct Infanterie Kompanie
Grenadier Squad
Grenadier Squad
Grenadier Squad
Infanterie Officer Quarters
Selects Breakthrough Battlegroup
Selects Assault Grenadiers
MG 42 Machine Gun Team
Selects Breakthrough
Construct Panzergrenadier Kompanie
Selects Mechanized Assault Group
Mechanized Assault Group
Pak 40 Anti-tank Gun Team
Construct Panzer Kompanie
Panzer Officer Quarters
Stoßtruppen Squad
Selects Rapid Production
Selects Blitzkrieg
Sturmpanzer IV Brummbär
Pioneer Squad
Sturmpanzer IV Brummbär
Pioneer Squad
Breakthrough
Stoßtruppen Squad
Medical Station
Selects Tiger Heavy Tank
Stoßtruppen Squad
Tiger Heavy Tank
Breakthrough
幽默德棍
Doge
nub
FutureNP
0
0

Comments sign in to comment!

No comments posted yet!